 Dungeon Sprint DCSS version 0.21-a0-229-g3587535 (webtiles) character file.

8759 terra52 the Warrior (level 11, -9/168 (169) HPs)
             Began as a Green Draconian Berserker on Sept 1, 2017.
             Was a High Priest of Trog.
             Mangled by a 12-headed hydra (10 damage)
             ... in the Dungeon (Sprint I: "Red Sonja").
             The game lasted 00:16:50 (1918 turns).

terra52 the Warrior (Green Draconian Berserker)     Turns: 1918, Time: 00:16:51

HP:   -9/168 (169)  AC:  7    Str: 25    XL:     11   Next: 14%
MP:   0/11          EV: 21    Int:  7    God:    Trog [*****.]
Gold: 882           SH:  0    Dex: 14    Spells: 10/10 levels left

rFire    + . .     SeeInvis .   m - +5 short sword (distort)
rCold    + . .     Gourm    .   (no shield)
rNeg     . . .     Faith    .   (armour unavailable)
rPois    +         Spirit   +   (helmet restricted)
rElec    .         Reflect  .   y - scarf {rC+ rF+}
rCorr    .         Harm     .   (no gloves)
MR       .....     NoTele   +   (no boots)
Stlth    ..........             j - amulet of guardian spirit
HPRegen  0.38/turn              u - ring of wizardry
MPRegen  0.12/turn              (no ring)

@: berserking, very quick
A: breathe noxious fumes, unfitting armour, poison resistance, cold-blooded, AC
+7
a: Breathe Noxious Fumes, Berserk, Trog's Hand, Brothers in Arms, Burn
Spellbooks, Renounce Religion


You were in the Dungeon.
You worshipped Trog.
Trog was extremely pleased with you.
You were very hungry.

You visited 1 branch You collected 1859 gold pieces.
You spent 977 gold pieces at shops.

Inventory:

Hand Weapons
 a - a +0 short sword
 g - a +1 rapier of freezing
 i - a +4 dagger of venom
 l - a +0 blowgun
 m - a +5 short sword of distortion (weapon)
 w - a +2 rapier of venom
Missiles
 n - 9 curare-tipped needles
 s - 5 steel javelins (quivered)
 B - a throwing net
Armour
 y - a scarf of resistance (worn)
Jewellery
 j - an amulet of guardian spirit (around neck)
 u - a ring of wizardry (left hand)
Wands
 k - a wand of confusion (10/48)
Scrolls
 b - a scroll of amnesia {unknown}
 h - 2 scrolls of blinking
 p - a scroll of remove curse {unknown}
 q - a scroll of enchant armour {unknown}
 r - a scroll of identify
 A - a scroll of recharging {unknown}
Potions
 c - 3 potions of curing
 d - a potion of heal wounds
 e - a potion of haste
 f - 2 potions of magic
 o - a potion of brilliance {unknown}
 t - a potion of lignification {unknown}
 v - 2 potions of resistance {unknown}
Comestibles
 x - 3 royal jellies


   Skills:
 + Level 15.6 Fighting
 + Level 15.3 Short Blades
 + Level 4.9 Throwing
 + Level 13.2 Dodging
 + Level 7.8 Stealth


You had 10 spell levels left.
You didn't know any spells.

Dungeon Overview and Level Annotations

Branches:
Dungeon (1/1)

Altars:
Cheibriados
Dithmenos
Elyvilon
Fedhas
Gozag
Hepliaklqana
Kikubaaqudgha
Makhleb
Nemelex Xobeh
Okawaru
Qazlal
Ru
Sif Muna
Trog
Uskayaw
Vehumet
Wu Jian
Xom
Yredelemnul
Zin
The Shining One
Jiyva
Lugonu

Shops:
D [[?:[?*[?%?%::[[?


Innate Abilities, Weirdness & Mutations

You can breathe blasts of noxious fumes.
Your lurid green scales are hard. (AC +7)
You cannot fit into any form of body armour.
Your system is resistant to poisons. (rPois)
You are cold-blooded and may be slowed by cold attacks.


Message History

The 12-headed hydra misses you. The 12-headed hydra bites you!
The 12-headed hydra barely misses you.
A red film seems to cover your vision as you go berserk!
You feel yourself moving faster!
You feel mighty!
You are feeling very hungry.
The 12-headed hydra bites you.
* * * LOW HITPOINT WARNING * * *
The 12-headed hydra bites you.
* * * LOW HITPOINT WARNING * * *
The 12-headed hydra bites you!
* * * LOW HITPOINT WARNING * * *
The 12-headed hydra closely misses you. The 12-headed hydra bites you!
* * * LOW HITPOINT WARNING * * *
The 12-headed hydra bites you!
* * * LOW HITPOINT WARNING * * *
The 12-headed hydra misses you. The 12-headed hydra barely misses you.
The 12-headed hydra bites you!
* * * LOW HITPOINT WARNING * * *
The 12-headed hydra bites you!
You die...

#################################
..#__#..))..#.§#§§§÷§§§§.§.'..#§§
..'..'..#...##§#§####.§...##..'^§
#'#__####...§.§#§# ##§§.#######'
#(####.§#####§.§§#+#$###'# §.
#.#≈§≈§.#..##§####..$#y#.# #..
_.§§≈§..§§.#.§.§@#..$###.. #.m
._#≈§§§§#§.#§^^§§D..$$$##.# #..
#'##§#####'###.§.#.....# .## #..
#(#...(###.'.#§.^###++## ## #..
####'###(###.#.§##
.'.....'.∩##.#..#
.###########.##'#
###.......##§##.#
#.#........§§####


You could see a 12-headed hydra.

Vanquished Creatures
  2 centaur warriors (D)
  Sonja (D)
  A deep troll (D)
  A lindwurm (D)
  2 unseen horrors (D)
  An oklob plant (D)
  A gargoyle (D)
  2 kobold demonologists (D)
  A slime creature (D)
  A hornet (D)
  Sigmund (D)
  2 redbacks (D)
  A yak (D)
  9 hogs (D)
  3 floating eyes (D)
  An ogre (D)
  5 necrophages (D)
  5 jellies (D)
  Ijyb (D)
  6 ballistomycetes (D)
47 creatures vanquished.

Vanquished Creatures (collateral kills)
  2 demonic crawlers (D)
2 creatures vanquished.

Vanquished Creatures (others)
  2 hogs (D)
  A necrophage (D)
  3 jellies (D)
  2 ballistomycete spores (D)
8 creatures vanquished.

Grand Total: 57 creatures vanquished

Notes
Turn   | Place    | Note
-------+----------+-------------------------------------------
     0 | D        | terra52 the Draconian Berserker began the quest for the Orb.
     0 | D        | Reached XP level 1. HP: 19/19 MP: 1/1
     1 | D        | Noticed Ijyb
     6 | D        | Killed Ijyb
     6 | D        | Reached XP level 2. HP: 28/28 MP: 2/2
    57 | D        | Noticed an ogre
    62 | D        | Killed an ogre
    62 | D        | Reached skill level 5 in Dodging
    62 | D        | Reached XP level 3. HP: 38/38 MP: 3/3
    62 | D        | Reached XP level 4. HP: 45/45 MP: 4/4
   106 | D        | Noticed Sigmund
   113 | D        | Killed Sigmund
   113 | D        | Reached ** piety under Trog
   113 | D        | Reached XP level 5. HP: 51/56 MP: 5/5
   113 | D        | Reached XP level 6. HP: 57/62 MP: 6/6
   127 | D        | Found a deep blue altar of Sif Muna.
   128 | D        | Found an ornate altar of the Wu Jian Council.
   129 | D        | Found a radiant altar of Vehumet.
   159 | D        | Found Gery's Armour Emporium.
   159 | D        | Found an ancient bone altar of Kikubaaqudgha.
   159 | D        | Found a hazy altar of Hepliaklqana.
   159 | D        | Found a stormy altar of Qazlal.
   159 | D        | Found a hide-covered altar of Uskayaw.
   159 | D        | Found a blossoming altar of Fedhas.
   159 | D        | Found a bloodstained altar of Trog.
   159 | D        | Found an iron altar of Okawaru.
   159 | D        | Found a basalt altar of Yredelemnul.
   159 | D        | Found a glowing golden altar of the Shining One.
   159 | D        | Found a snail-covered altar of Cheibriados.
   159 | D        | Found a sacrificial altar of Ru.
   159 | D        | Found a glowing silver altar of Zin.
   159 | D        | Found a shadowy altar of Dithmenos.
   159 | D        | Found a white marble altar of Elyvilon.
   159 | D        | Noticed a yak
   166 | D        | Killed a yak
   166 | D        | Reached skill level 1 in Stealth
   167 | D        | Found an opulent altar of Gozag.
   168 | D        | Found a sparkling altar of Nemelex Xobeh.
   209 | D        | Found a burning altar of Makhleb.
   209 | D        | Found a viscous altar of Jiyva.
   209 | D        | Found a shimmering altar of Xom.
   209 | D        | Found a corrupted altar of Lugonu.
   209 | D        | Noticed a slime creature
   214 | D        | Killed a slime creature
   214 | D        | Reached *** piety under Trog
   214 | D        | Reached skill level 10 in Fighting
   214 | D        | Reached skill level 10 in Short Blades
   214 | D        | Your scales start taking on a lurid green colour.
   214 | D        | Reached XP level 7. HP: 73/73 MP: 7/7
   214 | D        | Gained mutation: Your system is resistant to poisons. (rPois) [Green Draconian growth]
   254 | D        | Noticed a kobold demonologist
   256 | D        | Noticed a kobold demonologist
   265 | D        | Killed a kobold demonologist
   276 | D        | Killed a kobold demonologist
   276 | D        | Reached **** piety under Trog
   276 | D        | Reached XP level 8. HP: 83/83 MP: 8/8
   291 | D        | Noticed Sonja
   299 | D        | Killed Sonja
   299 | D        | Reached skill level 10 in Dodging
   317 | D        | Found Taogh's Antique Armour Boutique.
   338 | D        | Noticed a deep troll
   352 | D        | Killed a deep troll
   352 | D        | Reached skill level 1 in Throwing
   352 | D        | Reached XP level 9. HP: 70/93 MP: 9/9
   358 | D        | Found Ateuwet's Armour Emporium.
   458 | D        | Noticed a centaur warrior
   458 | D        | Noticed a centaur warrior
   470 | D        | Killed a centaur warrior
   478 | D        | Killed a centaur warrior
   769 | D        | Noticed an oklob plant
   793 | D        | Killed an oklob plant
   793 | D        | Reached ***** piety under Trog
   793 | D        | Reached XP level 10. HP: 60/103 MP: 3/10
   927 | D        | Received a gift from Trog
   927 | D        | Reached skill level 5 in Stealth
  1045 | D        | Killed an unseen horror
  1069 | D        | Killed an unseen horror
  1075 | D        | Received a gift from Trog
  1231 | D        | Received a gift from Trog
  1250 | D        | Found Lalic's Book Shoppe.
  1250 | D        | Found Waicaw's Magic Scroll Shop.
  1250 | D        | Found Jadorifu's Armour Boutique.
  1252 | D        | Found Fani's Magic Scroll Emporium.
  1252 | D        | Found Qibal's General Store.
  1252 | D        | Found Oxoocaatwa's Armour Shoppe.
  1252 | D        | Found Karudaics's Magic Scroll Boutique.
  1252 | D        | Found Tiurihum's Food Emporium.
  1252 | D        | Found Nopiotit's Magic Scroll Shop.
  1252 | D        | Found Owotokhlo's Food Shoppe.
  1256 | D        | Found Dufudec's Book Boutique.
  1257 | D        | Found Puqodopo's Armour Emporium.
  1257 | D        | Found Gaucrip's Book Boutique.
  1258 | D        | Found Marhonisk's Magic Scroll Emporium.
  1265 | D        | Bought a bread ration for 70 gold pieces
  1265 | D        | Bought a royal jelly for 28 gold pieces
  1265 | D        | Bought a royal jelly for 28 gold pieces
  1265 | D        | Bought a royal jelly for 28 gold pieces
  1292 | D        | Bought a scroll of identify for 22 gold pieces
  1300 | D        | Bought a scroll of enchant weapon for 75 gold pieces
  1305 | D        | Bought a scroll of blinking for 82 gold pieces
  1305 | D        | Bought a scroll of enchant weapon for 82 gold pieces
  1307 | D        | Bought a scroll of enchant weapon for 105 gold pieces
  1307 | D        | Bought a scroll of enchant weapon for 105 gold pieces
  1308 | D        | Bought a scarf of resistance for 352 gold pieces
  1378 | D        | Reached skill level 15 in Fighting
  1387 | D        | Noticed a gargoyle
  1400 | D        | Killed a gargoyle
  1577 | D        | Noticed a lindwurm
  1579 | D        | Killed a lindwurm
  1579 | D        | Reached skill level 15 in Short Blades
  1643 | D        | Received a gift from Trog
  1646 | D        | Reached XP level 11. HP: 101/111 MP: 9/11
  1765 | D        | Noticed a 12-headed hydra
  1918 | D        | HP: 1/168 [12-headed hydra (8)]
  1918 | D        | Mangled by a 12-headed hydra

Vault maps used:
D:        dungeon_sprint_1

Skill      XL: |  1  2  3  4  5  6  7  8  9 10 11 |
---------------+----------------------------------+-----
Fighting       | 4 6 8 10 11 13 14 15 | 15.6
Short Blades   | 4 6 8 10 11 12 13 15 | 15.3
Dodging        | 4 5 6 8 9 10 11 12 13 | 13.2
Stealth        | 1 2 3 4 7 |  7.8
Throwing       | 1 3 4 |  4.9

Action                   |  1- 3 |  4- 6 |  7- 9 | 10-12 || total
-------------------------+-------+-------+-------+-------++-------
Melee: Short sword       |     4 |       |       |    90 ||    94
       Tailslap          |     2 |     4 |    33 |    20 ||    59
       Dagger            |     3 |    18 |    96 |    44 ||   161
 Fire: Blowgun           |       |       |     3 |       ||     3
Invok: Berserk           |     2 |     2 |     3 |     2 ||     9
       Brothers in Arms  |       |       |     1 |     1 ||     2
 Abil: Breathe Noxious F |       |       |     4 |     3 ||     7
  Use: Scroll            |       |       |       |     5 ||     5
       Potion            |       |       |       |     1 ||     1
 Stab: Sleeping          |       |     1 |     1 |     1 ||     3
       Confused          |       |       |     2 |     1 ||     3
  Eat: Chunk             |       |     1 |     2 |     1 ||     4
       Bread ration      |       |       |     1 |     1 ||     2
Armor: Skin              |       |     1 |     7 |    27 ||    35
Dodge: Dodged            |     2 |     4 |    19 |    86 ||   111

Table legend:
 A = Spawn XP
 B = Non-spawn XP
 C = Spawn XP percentage of total XP
 D = Spawn monster count
 E = Non-spawn monster count
 F = Spawn count percentage of total count
 G = Total turns spent on level
                    A         B        C        D         E        F      G
               +---------+---------+-------+---------+---------+-------+---------
         Total |       0 |   12514 |   0.0 |       0 |      49 |   0.0 |  1918
               +---------+---------+-------+---------+---------+-------+---------
             D |       0 |   12514 |   0.0 |       0 |      49 |   0.0 |  1918
               +---------+---------+-------+---------+---------+-------+---------
